Match 37791998
Unlisted

Match 37791998
End
Construct Barracks
Riflemen Squad
Selects Advanced Infantry Battlegroup
Riflemen Squad
Riflemen Squad
Riflemen Squad
Mechanized Support Center
Selects Convert to Ranger Squad
Convert to Ranger Squad
M1 Mortar Team
Construct Tank Depot
Selects Frontline Medical Station
M4A1 Sherman Medium Tank
Selects Designate Assault Position
Selects Frontline Medical Station
Selects Ranger Weapon Training
Selects Frontline Medical Station
Selects Ranger Weapon Training
Convert to Ranger Squad
Engineer Squad
M4A1 Sherman Medium Tank
M4A1 76mm Conversion
Engineer Squad
Selects Ammunition Storage
Selects M2A1 105mm Howitzer Emplacement
germanpritykin
KiryaKazah
Microsoft Outlook
deadsadbadmad
0
0

Comments sign in to comment!

No comments posted yet!